 Dungeon Crawl Stone Soup version 0.18.1-48-g4cf74bf (webtiles) character file.

55215359 Charly the Sensei (level 27, 251/251 (254) HPs)
             Began as a Mottled Draconian Transmuter on Sept 1, 2016.
             Was a High Priest of Cheibriados.
             Escaped with the Orb
             ... and 15 runes on Sept 2, 2016!
             The game lasted 11:12:05 (26117 turns).

Charly the Sensei (Mottled Draconian Transmuter)   Turns: 26117, Time: 11:12:06

HP:   251/251 (254) AC: 23    Str: 25    XL:     27
MP:   47/47         EV: 34    Int: 42    God:    Cheibriados [*****.]
Gold: 914           SH: 21    Dex: 33    Spells: 11 memorised, 3 levels left

rFire  + + .     SeeInvis +       - Unarmed
rCold  . . .     Gourm    .     (armour unavailable)
rNeg   . . .     Faith    .     Q - +5 shield
rPois  .         Spirit   .     e - +3 hat of Pondering {ponderous, MR+ MP+10 Int+5}
rElec  .         Dismiss  .     P - +2 cloak of the Thief {+Fog Slay-2 SInv Stlth+}
rCorr  .         Reflect  .     T - +2 pair of gloves {Dex+3}
SustAt .         Harm     .     N - +0 pair of boots of Patience {Int+3}
MR     ++++.     Rnd*Tele +     H - amulet of Zoddot {Regen+ Int+4 Dex+2}
Stlth  +++.......               m - ring of protection from magic
                                B - +5 ring of evasion

@: deflect missiles, very slow, incredibly resistant to hostile enchantments,
fairly stealthy
A: breathe sticky flame splash, unfitting armour, clumsy 1, deterioration 2,
fire resistance 2, low mp 1, screaming 1, teleportitis 1, weak 1, cold-blooded,
AC +13
a: Breathe Sticky Flame, Bend Time, Temporal Distortion, Slouch, Step From Time,
Renounce Religion, Evoke Fog
0: Orb of Zot
}: 15/15 runes: decaying, slimy, silver, golden, iron, obsidian, icy, bone,
abyssal, demonic, glowing, magical, fiery, dark, gossamer


You escaped.
You worshipped Cheibriados.
Cheibriados was extremely pleased with you.
You were not hungry.

You visited 17 branches of the dungeon, and saw 90 of its levels.
You visited Pandemonium 1 time, and saw 24 of its levels.
You visited the Abyss 1 time.
You visited 2 bazaars.
You also visited: Labyrinth, Sewer, Volcano and Wizlab.

You collected 3544 gold pieces.
You spent 2630 gold pieces at shops.

Inventory:

Missiles
 G - a throwing net (quivered)
 V - 27 arrows
Armour
 e - the +3 hat of Pondering (worn) {ponderous, MR+ MP+10 Int+5}
   (You found it on level 3 of the Tomb of the Ancients)

   It affects your intelligence (+5).
   It affects your resistance to hostile enchantments.
   It affects your magic capacity (+10).
 p - a +0 large shield of fire resistance
 N - the +0 pair of boots of Patience (worn) {Int+3}
   (You bought it in a shop on level 12 of the Dungeon)

   It affects your intelligence (+3).
 P - the +2 cloak of the Thief (worn) {+Fog Slay-2 SInv Stlth+}
   (You acquired it on level 1 of the Lair of Beasts)

   It affects your accuracy and damage with ranged weapons and melee attacks
   (-2).
   It lets you see invisible.
   It can be evoked to emit clouds of fog.
   It makes you more stealthy.
 Q - a +5 shield (worn)
 T - a +2 pair of gloves of dexterity (worn)
Magical Staves
 a - an uncursed staff of earth
Jewellery
 c - the ring of Liberalism {rElec rC+ Int+3}
   (You took it off a yaktaur on level 3 of the Vaults)

   [ring of protection from cold]

   It affects your intelligence (+3).
   It protects you from cold.
   It insulates you from electricity.
 f - an uncursed ring of protection from fire
 i - an uncursed ring of see invisible
 m - a ring of protection from magic (right hand)
 n - an uncursed ring of positive energy
 s - a +6 ring of dexterity
 B - a +5 ring of evasion (left hand)
 C - an uncursed ring of resist corrosion
 H - the amulet of Zoddot (around neck) {Regen+ Int+4 Dex+2}
   (You found it on level 3 of the Tomb of the Ancients)

   [amulet of regeneration]

   It affects your intelligence (+4).
   It affects your dexterity (+2).
   It increases your rate of regeneration.
Wands
 A - a wand of teleportation (1/9)
 F - a wand of digging (12/24)
 J - a wand of digging (0/24)
 M - a wand of disintegration (1/24)
 W - a wand of disintegration (3/24)
Scrolls
 g - 2 scrolls of immolation
 h - 2 scrolls of enchant armour
 k - 9 scrolls of remove curse
 l - a scroll of fog
 o - a scroll of torment
 r - a scroll of amnesia
 x - 3 scrolls of recharging
 y - a scroll of magic mapping
 L - 4 scrolls of fear
 S - 5 scrolls of blinking
Potions
 b - a potion of magic
 d - 4 potions of brilliance
 q - a potion of invisibility
 t - 12 potions of curing {cure?}
 u - 3 potions of might
 v - a potion of flight
 z - 2 potions of ambrosia
 D - a potion of agility
 E - a potion of cancellation
 O - 4 potions of resistance
 R - 3 potions of heal wounds
Books
 X - an Akashic Record

   Spells                             Type                      Level
   a - Dispersal                      Translocation                6
   b - Malign Gateway                 Summoning/Translocation      7
   c - Disjunction                    Translocation                8
   d - Controlled Blink               Translocation                8
Miscellaneous
 j - a phial of floods (inert)
 K - a lamp of fire
 U - a sack of spiders {used: 2}
 Y - a fan of gales
 Z - a figurine of a ziggurat
Comestibles
 w - 11 bread rations


   Skills:
 + Level 21.9 Fighting
 - Level 12.2 Dodging
 + Level 16.3 Stealth
 - Level 15.4 Shields
 + Level 25.2 Unarmed Combat
 - Level 14.3 Spellcasting
 - Level 5.7 Hexes
 - Level 9.3 Charms
 - Level 4.6 Necromancy
 - Level 19.5 Translocations
 - Level 13.0 Transmutations
   Level 2.9 Ice Magic
 - Level 9.1 Air Magic
 - Level 8.6 Earth Magic
   Level 1.3 Poison Magic
 - Level 11.9 Invocations
 - Level 11.0 Evocations


You had 3 spell levels left.
You knew the following spells:

 Your Spells              Type           Power        Failure   Level  Hunger
a - Apportation           Tloc           ########..   0%          1    None
c - Control Undead        Necr           ######....   1%          4    None
d - Deflect Missiles      Chrm/Air       #######...   4%          6    None
p - Passwall              Trmt/Erth      #######...   1%          2    None
r - Regeneration          Chrm/Necr      ######....   1%          3    None
s - Sticks to Snakes      Trmt           #######.     0%          2    None
C - Controlled Blink      Tloc           N/A          1%          8    #####..
D - Dispersal             Tloc           ########..   1%          6    None
Q - Silence               Hex/Air        #######...   1%          5    None
S - Statue Form           Trmt/Erth      #######..    1%          6    None
T - Disjunction           Tloc           ########..   1%          8    #####..


Dungeon Overview and Level Annotations

Branches:
Dungeon (15/15)            Temple (1/1) D:4            Lair (8/8) D:11
  Swamp (4/4) Lair:4       Spider (4/4) Lair:6        Slime (6/6) Lair:8
    Orc (2/2) D:10         Vaults (5/5) D:14          Crypt (3/3) Vaults:2
   Tomb (3/3) Crypt:3      Depths (5/5) D:15           Hell (1/1)
    Dis (7/7) Hell            Geh (7/7) Hell            Coc (7/7) Hell
    Tar (7/7) Hell            Zot (5/5) Depths:5
    Elf: Orc:2

Altars:
Ashenzari
Cheibriados
Dithmenos
Elyvilon
Fedhas
Gozag
Kikubaaqudgha
Makhleb
Nemelex Xobeh
Okawaru
Pakellas
Qazlal
Ru
Trog
Vehumet
Xom
Yredelemnul
Zin
The Shining One
Beogh
Jiyva

Shops:
D:4 }   D:9 !%   D:12 =?[   Orc:2 ?(   Vaults:2 %   Vaults:3 ?}*   Vaults:5 (
Depths:3 *

Portals:
Hell: Depths:3
Pandemonium: Depths:3

Annotations:
D:3 exclusion: downstairs
D:4 Sigmund
D:7 exclusion: downstairs
D:10 exclusion: downstairs
D:13 3 exclusions
D:15 2 exclusions
Lair:4 exclusion: oklob plant
Lair:5 4 exclusions
Swamp:2 Nikola
Orc:1 3 exclusions
Vaults:1 Jorgrun
Vaults:2 exclusions: door and 1 more exclusion
Vaults:3 exclusion: downstairs
Vaults:4 Boris, Mennas
Dis:7 Dispater; Joat's ghost, legendary DrTm
Geh:7 Asmodeus
Coc:7 Antaeus
Tar:7 Ereshkigal


Innate Abilities, Weirdness & Mutations

You can spit globs of burning liquid.
You can ignite nearby creatures when you spit burning liquid.
Your weird mottled scales are hard (AC +13).
Your body does not fit into most forms of armour.
You are cold-blooded and may be slowed by cold attacks.
You are clumsy. (Dex -2)
Your body often deteriorates upon taking damage.
Your flesh is very heat resistant.
Your magical capacity is low (-10% MP).
You occasionally shout uncontrollably at your foes.
You are occasionally teleported next to monsters.
You are weak. (Str -2)


Message History

The rock shatters into small pieces.
This wand has 12 charges left.
You block the ball python's attack. The ball python grabs you.
The ball python constricts you.
You escape the ball python's grasp.
You block the ball python's attack. x2
You block the ball python's attack. x2
The ball python closely misses you. You block the ball python's attack.
The ball python misses you. You block the ball python's attack.
A ball python is nearby!
The ball python completely misses you. You block the ball python's attack.
You block the ball python's attack. x4
You block the ball python's attack. The ball python barely misses you.
The ball python completely misses you. The ball python grabs you.
The ball python constricts you.
You escape the ball python's grasp.
The ball python completely misses you. You block the ball python's attack.
The ball python completely misses you. You block the ball python's attack. x2
The ball python completely misses you.
There is a staircase leading out of the dungeon here.
You block the ball python's attack. x2
You have escaped!

#. #.. #.# #.# ## #.# .
#.# #.# . #.# #.#
.####.#### #.# .........
#.#
..##...##########.######
#.##...#........S........
#.##............@........
.........................
#.##..###################
........#.PPPPPP..P.PPP.
...#..#.#...P......♣P..♣
.#....#.#♣PP..♣PP.♣PPP♣P
.#.##.# #P.PP.P♣..PP..P.
.#..#.# #P.♣P.P.P♣P.PPP♣
.#..#.# #..PP.. ♣PP...P


You could see a ball python.

Vanquished Creatures
  Cerebov (Pan)
  the Royal Jelly (Slime:6)
  Gloorx Vloq (Pan)
  Mnoleg (Pan)
  Khufu (Tomb:3)
  3 orbs of fire (Zot:5)
  7 ancient liches
  25 greater mummies
  5 pandemonium lords
  Frederick (Vaults:4)
  A curse toe (Zot:5)
  A shard shrike (Coc:7)
  2 iron giants
  Geryon (Hell)
  Jory (Vaults:4)
  4 golden dragons
  A bone dragon (Abyss:5)
  Xtahua (Depths:2)
  An electric golem (Zot:5)
  15 Brimstone Fiends
  A pearl dragon (Pan)
  8 Tzitzimimeh
  11 liches
  11 tentacled monstrosities
  11 Hell Sentinels
  22 Orb Guardians
  A quicksilver dragon (Dis:4)
  22 acid blobs
  3 tentacled starspawn (Abyss:5)
  3 titans (Vaults:5)
  20 Executioners
  3 thorn hunters (Swamp:4)
  7 sphinxes
  5 ancient champions
  Kirke (D:14)
  7 shadow dragons
  2 tengu reavers
  12 azure jellies
  5 storm dragons
  4 revenants
  5 draconian monks
  9 daevas
  Wiglaf (Spider:2)
  A draconian scorcher (Zot:5)
  A deep elf sorcerer (Vaults:5)
  4 fire giants
  11 vault wardens
  6 iron dragons
  9 frost giants
  27 balrugs
  A deep elf elementalist (Abyss:3)
  2 draconian knights
  A warmonger (Pan)
  18 cacodemons (Pan)
  A ghost moth (Spider:4)
  6 ironheart preservers
  2 draconian zealots (Zot:5)
  5 emperor scorpions
  9 angels (Pan)
  Aizul (Depths:3)
  3 black suns (Pan)
  A caustic shrike zombie (D:15)
  3 curse skulls
  A draconian shifter (Zot:3)
  A draconian caller (Zot:5)
  11 stone giants
  21 reapers
  5 war gargoyles
  2 vampire knights
  5 green draconians
  2 draconian annihilators (Depths:5)
  Nessos (D:15)
  8 very ugly things
  3 salamander stormcallers (Geh:7)
  12 ophanim (Pan)
  A blood saint (Pan)
  3 deep elf demonologists
  A corrupter (Pan)
  A deep elf annihilator (Vaults:5)
  Azrael (D:14)
  3 chaos champions (Pan)
  10 lorocyprocas
  14 bennus
  5 red draconians
  A yellow draconian (Zot:5)
  3 apis (Pan)
  7 black draconians
  5 spark wasps
  2 mottled draconians (Zot:5)
  7 white draconians
  10 blizzard demons
  10 ettins
  A deep elf death mage (Vaults:5)
  7 eidola
  A minotaur (Lab)
  A spectral golden dragon (Crypt:3)
  29 vault guards
  17 mummy priests
  7 jiangshi
  2 merfolk impalers (Depths:3)
  3 green deaths
  3 fire dragons
  6 entropy weavers
  8 yaktaur captains
  5 great orbs of eyes
  5 death oozes
  9 ice dragons
  A kraken zombie (Coc:1)
  4 rakshasas
  3 monstrous demonspawn (Pan)
  A deep elf high priest (Vaults:5)
  23 hydras
  3 centaur warriors
  Erica (Orc:1)
  2 hell beasts (Pan)
  3 spriggan air magi
  4 death yaks (Lair:7)
  8 ogre magi
  An alligator (Swamp:1)
  3 death knights
  3 vampire magi
  Urug (D:15)
  5 hell hogs
  6 deep troll earth magi
  A tengu warrior (Depths:3)
  3 deep troll shamans (Depths:3)
  3 thrashing horrors (Abyss:5)
  An orc high priest (Orc:2)
  4 deep elf knights
  4 spriggan berserkers
  3 iron golems (Dis:7)
  23 soul eaters
  2 storm dragon zombies
  5 wretched stars (Abyss:5)
  A spectral storm dragon (Crypt:3)
  3 spriggans
  2 hell knights (Geh:7)
  13 iron trolls
  38 sun demons
  3 anaconda zombies
  A spectral catoblepas (Crypt:3)
  61 death scarabs
  39 skeletal warriors
  9 shadow wraiths
  A spatial maelstrom (Abyss:5)
  6 wizards
  5 gelid demonspawn (Pan)
  4 unseen horrors
  A golden dragon zombie (Tomb:2)
  A fire crab (Vaults:3)
  A shambling mangrove (Swamp:4)
  3 storm dragon skeletons
  3 infernal demonspawn (Pan)
  A spriggan druid (Swamp:4)
  A giant orange brain (Depths:3)
  10 cherubim
  A ghost moth zombie (Geh:7)
  7 deep trolls
  7 spectral wolf spiders
  10 flayed ghosts
  A shadow dragon zombie (Coc:7)
  8 phantasmal warriors
  5 deep elf archers
  13 shadow demons
  5 torturous demonspawn
  9 swamp dragons
  A lindwurm (Depths:5)
  12 orc knights
  A necromancer (D:15)
  2 hill giants
  5 anubis guards
  3 golden dragon skeletons (Geh:7)
  A harpy (shapeshifter) (Vaults:2)
  A harpy (Vaults:4)
  16 orb spiders
  An anaconda skeleton (Tar:7)
  12 deep elf magi
  9 ironbrand convokers
  10 hornets
  43 ugly things
  An orc sorcerer (D:14)
  2 spectral fire dragons (Crypt:3)
  8 shining eyes
  2 fire giant zombies
  33 wolf spiders
  A spectral alligator (Crypt:3)
  6 wolf spider zombies
  5 manticores
  A shock serpent zombie (Geh:5)
  2 cyclopes
  2 griffons
  23 sixfirhies
  A worldbinder (Abyss:4)
  9 moths of wrath
  22 large abominations
  A moth of wrath (shapeshifter) (Vaults:2)
  2 salamanders (Geh:7)
  A stone giant skeleton (Geh:7)
  A fire giant skeleton (Geh:7)
  An ice statue (Hell)
  An octopode (shapeshifter) (Abyss:5)
  5 elephants (Lair:8)
  2 black mambas
  2 water nymphs (shapeshifter)
  An apocalypse crab (Abyss:4)
  2 eyes of devastation (Slime:6)
  A black mamba (shapeshifter) (D:14)
  A torpor snail (Spider:4)
  18 rust devils
  3 vault sentinels
  8 molten gargoyles
  2 gargoyles (D:14)
  A shock serpent skeleton (Tar:2)
  A dire elephant skeleton (Crypt:3)
  17 smoke demons
  A torpor snail (shapeshifter) (Abyss:5)
  A spectral redback (Spider:4)
  18 orange demons
  10 spiny frogs
  17 hellions
  A kobold demonologist (Vaults:3)
  18 freezing wraiths
  A yellow draconian zombie (Tomb:2)
  8 efreet
  13 rime drakes
  15 tormentors
  4 komodo dragons
  44 yaktaurs
  20 demonic crawlers
  5 hellwings (Pan)
  3 redback zombies (Spider:4)
  18 red devils
  6 trolls
  10 ice devils
  4 ancient zymes
  A golden dragon simulacrum (Coc:7)
  44 guardian mummies
  A queen bee (shapeshifter) (Vaults:5)
  4 hydra zombies (Hell)
  A minotaur zombie (Geh:5)
  29 jumping spiders
  5 giant leeches
  A queen bee (Abyss:5)
  11 two-headed ogres
  A polar bear (shapeshifter) (Abyss:5)
  2 harpy skeletons
  A polar bear (Lair:2)
  6 bog bodies
  4 jumping spider zombies (Spider:4)
  5 spectral jumping spiders (Spider:4)
  A wind drake (shapeshifter) (Vaults:5)
  16 blink frogs
  3 spectral tarantellas (Spider:4)
  Grinder (D:6)
  A wolf spider simulacrum (Crypt:3)
  6 raiju
  49 slime creatures
  An ettin zombie (D:15)
  An alligator zombie (Coc:7)
  A tarantella zombie (Spider:4)
  3 boulder beetles
  3 spectral hornets (Spider:4)
  A fire giant simulacrum (Tomb:1)
  2 fire dragon zombies
  A black mamba zombie (Geh:7)
  12 ushabtiu
  A fire dragon skeleton (Coc:5)
  A redback (shapeshifter) (Vaults:5)
  33 flying skulls
  70 redbacks
  2 ettin skeletons (Geh:5)
  8 water elementals
  11 fire elementals
  5 vampires
  32 tarantellas
  12 wraiths
  A wyvern (shapeshifter) (Vaults:5)
  14 ynoxinuls (Pan)
  3 fire bats (Lair:5)
  9 shadows
  2 hogs (D:14)
  A hill giant zombie (WizLab)
  42 yaks
  An alligator skeleton (Hell)
  5 basilisks
  17 vampire mosquitoes
  3 wyverns
  14 hippogriffs
  7 golden eyes
  2 hungry ghosts
  22 neqoxecs
  10 chaos spawn
  Menkaure (D:6)
  A mottled dragon (Vaults:2)
  5 insubstantial wisps (Swamp:4)
  5 wargs
  A soldier ant (shapeshifter) (Vaults:3)
  8 water moccasins
  22 hell hounds
  20 swamp worms
  Edmund (D:6)
  Duvessa (D:6)
  8 porcupines
  6 swamp drakes
  3 spiny frog zombies
  A giant eyeball (Pan)
  26 orc warriors
  13 starcursed masses
  4 ice beasts
  A sky beast (D:8)
  A black bear (Lair:1)
  2 phantoms
  A snapping turtle zombie (Coc:1)
  3 wasps
  2 spiny frog skeletons
  5 eyes of draining
  6 necrophages
  37 ogres
  2 swamp dragon skeletons (Pan)
  A boggart (Depths:3)
  14 wolves
  13 centaurs
  6 crocodiles
  2 big kobolds (Sewer)
  14 giant frogs
  A giant frog (shapeshifter) (Depths:1)
  A wyvern zombie (D:14)
  Dowan (D:6)
  A draconian skeleton (Crypt:1)
  2 scorpions
  4 small abominations
  7 killer bees
  12 troll zombies
  26 wights
  A howler monkey (D:9)
  2 electric eels
  5 lava snakes (D:11)
  10 crimson imps
  2 quasits (Depths:3)
  A giant frog zombie (D:11)
  3 human zombies (Crypt:1)
  2 centaur zombies
  5 hounds
  3 giant frog skeletons
  9 orc priests
  A centaur skeleton (D:6)
  3 human skeletons
  5 iguanas
  18 iron imps
  11 jellies
  19 orc wizards
  9 worker ants
  16 sheep
  5 ogre zombies
  A dwarf skeleton (Crypt:3)
  A naga skeleton (Geh:1)
  2 hound skeletons
  33 mummies
  3 gnolls (Orc:1)
  4 adders
  A howler monkey skeleton (D:4)
  42 river rats
  6 shadow imps
  6 white imps
  An ufetubus (Zot:5)
  2 oozes (Sewer)
  2 adder zombies
  An adder skeleton (D:4)
  A lava snake skeleton (Crypt:1)
  11 worms
  A dart slug (D:1)
  10 giant geckos
  79 orcs
  7 giant cockroaches
  2 goblins
  3 jackals
  3 quokkas
  2 ball pythons
  2 bats (Sewer)
  3 giant newts (D:5)
  13 kobolds
  A kobold simulacrum (Crypt:3)
  A kobold zombie (Tomb:1)
  5 rats
  A briar patch (Swamp:4)
  A lurking horror (Abyss:5)
  2 starspawn tentacles (Abyss:5)
  A tentacle (Coc:1)
2758 creatures vanquished.

Vanquished Creatures (collateral kills)
  A Killer Klown (Zot:5)
  2 liches (Geh:5)
  An Orb Guardian (Zot:5)
  A sphinx (Vaults:5)
  A cacodemon (Pan)
  An elemental wellspring (Coc:2)
  A spectral shadow dragon (Crypt:3)
  A great orb of eyes (Vaults:4)
  A soul eater (Tar:2)
  A sun demon (Pan)
  A shadow wraith (Crypt:3)
  An iron golem (Hell)
  2 skeletal warriors
  A titan skeleton (Geh:5)
  2 flayed ghosts
  7 death scarabs
  2 anaconda zombies
  A shadow dragon zombie (Hell)
  A necromancer (Hell)
  An ironbrand convoker (Vaults:3)
  An ugly thing (Vaults:3)
  A shadow dragon skeleton (Hell)
  2 stone giant skeletons
  2 smoke demons
  A vault sentinel (Vaults:3)
  An ice statue (Hell)
  A dire elephant skeleton (Coc:1)
  An orange demon (Pan)
  2 ice devils
  2 freezing wraiths
  3 guardian mummies
  3 red devils
  2 hydra zombies
  A two-headed ogre (D:8)
  A harpy zombie (Geh:5)
  4 slime creatures
  A harpy skeleton (Coc:2)
  An alligator zombie (Hell)
  An alligator skeleton (Hell)
  6 flying skulls
  2 wraiths
  2 shadows
  A basilisk (D:14)
  5 neqoxecs (Pan)
  4 fire elementals
  5 hell hounds
  An orc warrior (Orc:1)
  2 eyes of draining
  2 ice beasts
  A crocodile (D:6)
  A wight (Coc:2)
  2 crimson imps
  2 jellies
  An orc wizard (Orc:1)
  A giant frog skeleton (D:4)
  5 iron imps
  5 mummies
  4 gnolls (D:6)
  2 white imps
  3 giant geckos
  3 orcs
  A hobgoblin (D:3)
  2 ball pythons (Sewer)
124 creatures vanquished.

Vanquished Creatures (others)
  A reaper (Hell)
  A green draconian (Depths:5)
  A green death (Hell)
  8 death scarabs
  An anaconda zombie (Tomb:2)
  A golden dragon skeleton (Tomb:2)
  An ugly thing (D:11)
  A smoke demon (Hell)
  A centaur skeleton (D:14)
  2 orange demons (Pan)
  A yaktaur (Vaults:4)
  A tormentor (Dis:1)
  A jumping spider (Spider:3)
  A flying skull (Tomb:2)
  4 humans (D:14)
  A redback (Spider:3)
  A wyvern (D:10)
  2 ynoxinuls (Pan)
  2 fire elementals (Geh:6)
  2 chaos spawn (Abyss:5)
  A spatial vortex (Abyss:5)
  A hell hound (Zot:5)
  3 swamp drakes (Depths:5)
  An ice beast (D:11)
  A crocodile (D:11)
  A big kobold (D:11)
  A wight (Geh:7)
  5 iron imps
  An orc wizard (Vaults:3)
  2 mummies (Tomb:2)
  An adder (D:11)
  A white imp (Zot:5)
  An orc skeleton (Geh:7)
  11 fungi
  4 lost souls (Crypt:3)
  2 lurking horrors (Abyss:5)
  10 plants
  8 starspawn tentacles (Abyss:5)
  102 starspawn tentacle segments (Abyss:5)
  9 tentacles (Coc:1)
  182 tentacle segments (Coc:1)
  2 withered plants (D:15)
384 creatures vanquished.

Grand Total: 3266 creatures vanquished

Notes
Turn   | Place    | Note
--------------------------------------------------------------
     0 | D:1      | Charly the Draconian Transmuter began the quest for the Orb.
     0 | D:1      | Reached XP level 1. HP: 16/16 MP: 3/3
   158 | D:2      | 1
   184 | D:2      | Found an ancient bone altar of Kikubaaqudgha.
   184 | D:2      | Found a radiant altar of Vehumet.
   184 | D:2      | Found a glowing golden altar of the Shining One.
   184 | D:2      | Found a stormy altar of Qazlal.
   191 | D:2      | Found a bloodstained altar of Trog.
   196 | D:2      | Found a shadowy altar of Dithmenos.
   331 | D:1      | Reached XP level 2. HP: 17/23 MP: 5/5
   335 | D:1      | Learned a level 2 spell: Sticks to Snakes
   527 | D:3      | Reached skill level 4 in Unarmed Combat
   578 | D:4      | Reached XP level 3. HP: 26/28 MP: 3/6
   583 | D:4      | Learned a level 3 spell: Spider Form
   640 | D:4      | Noticed Sigmund
   674 | D:4      | Found Sanui's Gadget Shop.
   689 | D:4      | Reached skill level 1 in Poison Magic
   729 | D:5      | Entered Level 5 of the Dungeon
   750 | D:5      | Noticed a scorpion
   880 | D:5      | Reached XP level 4. HP: 18/35 MP: 2/7
   890 | D:5      | Found a glowing drain.
   918 | Sewer    | Entered a sewer
  1064 | Sewer    | Noticed a big kobold
  1077 | Sewer    | Killed a big kobold
  1077 | Sewer    | Reached XP level 5. HP: 31/42 MP: 4/8
  1121 | Sewer    | Reached skill level 5 in Unarmed Combat
  1210 | D:5      | Noticed a centaur
  1250 | D:5      | Reached XP level 6. HP: 45/51 MP: 6/9
  1354 | D:5      | Reached skill level 6 in Unarmed Combat
  1540 | D:5      | Your scales start taking on a weird mottled colour.
  1540 | D:5      | Reached XP level 7. HP: 25/60 MP: 2/10
  1683 | D:6      | Reached skill level 7 in Unarmed Combat
  1715 | D:6      | Noticed Menkaure
  1784 | D:6      | Reached skill level 5 in Fighting
  1880 | D:7      | Reached skill level 8 in Unarmed Combat
  1941 | D:8      | Noticed a two-headed ogre
  1966 | D:6      | Reached XP level 8. HP: 58/69 MP: 11/11
  1990 | D:6      | Noticed Duvessa
  1992 | D:6      | Noticed Dowan
  1999 | D:6      | Noticed Edmund
  2007 | D:6      | Noticed Grinder
  2007 | D:6      | Killed Edmund
  2018 | D:6      | Killed Grinder
  2018 | D:6      | Reached skill level 9 in Unarmed Combat
  2019 | D:6      | Killed Duvessa
  2022 | D:6      | Reached skill level 10 in Unarmed Combat
  2032 | D:6      | Killed Dowan
  2049 | D:6      | Found a shattered altar of Ashenzari.
  2239 | D:8      | Reached XP level 9. HP: 72/75 MP: 10/12
  2833 | D:4      | Found a staircase to the Ecumenical Temple.
  2839 | Temple   | Entered the Ecumenical Temple
  2846 | Temple   | Became a worshipper of Cheibriados the Contemplative
  2939 | D:6      | Killed Menkaure
  3030 | D:8      | Learned a level 4 spell: Ice Form
  3030 | D:8      | 9/16
  3052 | D:8      | 2
  3100 | D:8      | Reached skill level 1 in Ice Magic
  3167 | D:9      | Found Waheck's Food Boutique.
  3188 | D:10     | Entered Level 10 of the Dungeon
  3199 | D:9      | Reached * piety under Cheibriados
  3223 | D:10     | Noticed a troll
  3312 | D:10     | Noticed a hill giant
  3469 | D:9      | 9/17
  3517 | D:9      | Found Vumpa's Distillery.
  3524 | D:9      | Bought a potion of agility for 44 gold pieces
  3524 | D:9      | Bought a potion of ambrosia for 88 gold pieces
  3524 | D:9      | Bought a potion of curing for 33 gold pieces
  3524 | D:9      | Bought a potion of agility for 44 gold pieces
  3585 | D:11     | Killed a purple ugly thing
  3735 | D:10     | Found a staircase to the Orcish Mines.
  3740 | Orc:1    | Entered Level 1 of the Orcish Mines
  3745 | Orc:1    | Noticed a troll
  3745 | Orc:1    | Reached XP level 10. HP: 47/86 MP: 9/13
  3749 | D:10     | Reached ** piety under Cheibriados
  3779 | Orc:1    | Reached skill level 5 in Transmutations
  3799 | Orc:1    | Noticed Erica
  3811 | Orc:1    | Killed Erica
  3811 | Orc:1    | Reached skill level 5 in Dodging
  3886 | Orc:2    | Entered Level 2 of the Orcish Mines
  3919 | Orc:2    | Found a roughly hewn altar of Beogh.
  3920 | Orc:2    | 10/19
  3954 | Orc:2    | Found a roughly hewn altar of Beogh.
  4002 | Orc:2    | Found Mohoq's Weapon Emporium.
  4011 | Orc:2    | Found Kiofijo's Magic Scroll Shop.
  4033 | Orc:2    | Bought a scroll of identify for 24 gold pieces
  4033 | Orc:2    | Bought a scroll of magic mapping for 42 gold pieces
  4033 | Orc:2    | Bought a scroll of teleportation for 36 gold pieces
  4033 | Orc:2    | Bought a scroll of identify for 24 gold pieces
  4071 | Orc:2    | Reached *** piety under Cheibriados
  4193 | Orc:1    | Noticed an orc knight
  4197 | Orc:1    | Reached skill level 1 in Invocations
  4223 | Orc:1    | Killed an orc knight
  4263 | Orc:1    | Reached **** piety under Cheibriados
  4346 | Orc:1    | Reached skill level 5 in Invocations
  4364 | Orc:1    | Reached XP level 11. HP: 33/93 MP: 1/15
  4466 | Orc:2    | Found a roughly hewn altar of Beogh.
  4475 | Orc:2    | Reached skill level 11 in Unarmed Combat
  4493 | Orc:2    | Noticed an orc high priest
  4502 | Orc:2    | Killed an orc high priest
  4540 | D:10     | Learned a level 5 spell: Blade Hands
  4563 | D:10     | Killed an unseen horror
  4655 | D:10     | Found an oddly glowing altar of Pakellas.
  4655 | D:10     | Noticed an orange crystal statue
  4775 | D:11     | Found a staircase to the Lair.
  4784 | Lair:1   | Entered Level 1 of the Lair of Beasts
  4910 | Lair:2   | Noticed a four-headed hydra
  4919 | Lair:2   | Killed a four-headed hydra
  4922 | Lair:2   | 7/18 IF
  4970 | Lair:3   | Reached skill level 12 in Unarmed Combat
  5260 | Lair:5   | Reached ***** piety under Cheibriados
  5290 | Lair:5   | Reached skill level 13 in Unarmed Combat
  5290 | Lair:5   | Reached XP level 12. HP: 69/104 MP: 6/16
  5420 | Lair:5   | Found a dark tunnel.
  5429 | Volcano  | Entered a volcano
  5488 | Lair:6   | Found a hole to the Spider Nest.
  5544 | Lair:7   | Noticed a death yak
  5549 | Lair:7   | Noticed a death yak
  5692 | Lair:7   | Reached skill level 10 in Fighting
  5703 | Lair:7   | Reached ****** piety under Cheibriados
  5760 | Lair:7   | Noticed a death yak
  5765 | Lair:7   | Noticed a death yak
  5769 | Lair:7   | Killed a death yak
  5776 | Lair:7   | Killed a death yak
  5776 | Lair:7   | Reached skill level 14 in Unarmed Combat
  5780 | Lair:7   | Killed a death yak
  5788 | Lair:7   | Killed a death yak
  5832 | Lair:8   | Entered Level 8 of the Lair of Beasts
  5947 | Lair:6   | Reached XP level 13. HP: 116/116 MP: 13/17
  6355 | Lair:4   | Found a staircase to the Swamp.
  6503 | Lair:1   | Learned a level 6 spell: Statue Form
  6514 | Lair:1   | Identified a scroll of acquirement
  6525 | Lair:1   | You fall through a shaft!
  6555 | Lair:3   | Reached skill level 1 in Earth Magic
  6639 | Spider:1 | Entered Level 1 of the Spider Nest
  6644 | Spider:1 | Noticed an emperor scorpion
  6656 | Spider:1 | Killed an emperor scorpion
  6673 | Spider:1 | Reached skill level 5 in Earth Magic
  6968 | Spider:2 | HP: 2/139 [wolf spider (8)]
  7117 | Spider:2 | 31/26
  7121 | Spider:2 | Noticed Wiglaf
  7139 | Spider:2 | Killed Wiglaf
  7139 | Spider:2 | Reached XP level 14. HP: 88/124 MP: 10/20
  7167 | Spider:2 | Reached skill level 10 in Transmutations
  7323 | Spider:4 | Entered Level 4 of the Spider Nest
  7344 | Spider:4 | Reached skill level 5 in Spellcasting
  7430 | Spider:4 | Noticed an emperor scorpion
  7453 | Spider:4 | Noticed a ghost moth
  7607 | Spider:4 | Killed an emperor scorpion
  7701 | Spider:4 | Killed a ghost moth
  7873 | Spider:4 | Noticed an emperor scorpion
  7928 | Spider:4 | Noticed an emperor scorpion
  7940 | Spider:4 | Killed an emperor scorpion
  7940 | Spider:4 | Reached XP level 15. HP: 109/130 MP: 20/25
  8039 | Spider:4 | Learned a level 1 spell: Apportation
  8061 | Spider:4 | Reached skill level 1 in Translocations
  8074 | Spider:4 | Reached skill level 5 in Translocations
  8095 | Spider:4 | Got a gossamer rune of Zot
  8245 | Spider:3 | Reached skill level 15 in Unarmed Combat
  8495 | Swamp:1  | Entered Level 1 of the Swamp
  8645 | Swamp:4  | Entered Level 4 of the Swamp
  8713 | Swamp:4  | Noticed a thorn hunter
  8741 | Swamp:4  | Reached XP level 16. HP: 101/138 MP: 26/26
  8753 | Swamp:4  | Reached skill level 16 in Unarmed Combat
  8857 | Swamp:4  | Killed a thorn hunter
  8868 | Swamp:4  | Noticed a thorn hunter
  8879 | Swamp:4  | Killed a thorn hunter
  8918 | Swamp:4  | Reached skill level 10 in Invocations
  8972 | Swamp:4  | Noticed a thorn hunter
  9018 | Swamp:4  | Killed a thorn hunter
  9018 | Swamp:4  | Reached skill level 1 in Evocations
  9051 | Swamp:4  | Got a decaying rune of Zot
  9186 | Swamp:2  | Noticed Nikola
  9434 | D:12     | Found Ponag's Jewellery Shoppe.
  9444 | D:12     | Bought a +6 ring of dexterity for 643 gold pieces
  9493 | D:12     | Found Seuv's Antique Armour Shoppe.
  9496 | D:12     | Bought a pair of spiked boots for 228 gold pieces
  9496 | D:12     | Bought a pair of dazzling boots for 228 gold pieces
  9496 | D:12     | Identified the +4 pair of boots of an ossuary {rPois MR- Regen+ Slay+2} (You bought it in a shop on level 12 of the Dungeon)
  9497 | D:12     | Identified the cursed +0 pair of boots of Patience {Int+3} (You bought it in a shop on level 12 of the Dungeon)
  9568 | D:12     | Found Payl's Magic Scroll Emporium.
  9578 | D:12     | Bought a scroll of fog for 32 gold pieces
  9578 | D:12     | Bought a scroll of teleportation for 48 gold pieces
  9578 | D:12     | Bought a scroll of fog for 32 gold pieces
  9578 | D:12     | Bought a scroll of teleportation for 48 gold pieces
  9761 | D:13     | Found a labyrinth entrance.
  9768 | Lab      | Entered a labyrinth
 10021 | D:14     | Found a flickering gateway to a bazaar.
 10030 | Bazaar   | Entered a bazaar
 10037 | Bazaar   | Found Moasaonom's Antique Weapon Shop.
 10051 | Bazaar   | Found Qerisim's Food Boutique.
 10074 | Bazaar   | Found Reogra's Food Boutique.
 10099 | Bazaar   | Found Feipiteh's Food Boutique.
 10175 | D:14     | Noticed Azrael
 10210 | D:15     | Entered Level 15 of the Dungeon
 10358 | D:15     | Found a staircase to the Depths.
 10358 | D:15     | Noticed Urug
 10365 | D:15     | Killed Urug
 10431 | D:15     | Reached skill level 5 in Evocations
 10457 | D:15     | Found a flickering gateway to a bazaar.
 10463 | Bazaar   | Entered a bazaar
 10463 | Bazaar   | Found Eloacw's Armour Shop.
 10463 | Bazaar   | Found Heeten's Assorted Antiques.
 10470 | Bazaar   | Bought a notched agate ring for 130 gold pieces
 10536 | D:14     | Noticed Kirke
 10545 | D:14     | Killed Kirke
 10568 | D:14     | Reached skill level 17 in Unarmed Combat
 10604 | D:14     | Found a gate to the Vaults.
 10617 | Vaults:1 | Entered Level 1 of the Vaults
 10617 | Vaults:1 | Noticed Jorgrun
 10695 | Vaults:2 | Gained mutation: Your spells are a little harder to cast, but a little more powerful. [potion of beneficial mutation]
 10818 | Vaults:2 | Found a magical portal.
 10827 | WizLab   | Entered Zonguldrok's Shrine
 10835 | WizLab   | Learned a level 6 spell: Deflect Missiles
 10921 | WizLab   | Reached XP level 17. HP: 148/148 MP: 27/27
 10994 | WizLab   | Noticed an antique lich
 11004 | WizLab   | Noticed a Tzitzimitl
 11005 | WizLab   | Killed an antique lich
 11083 | Vaults:3 | Found Gyliojutz's General Store.
 11127 | Vaults:3 | Bought a scroll of teleportation for 45 gold pieces
 11127 | Vaults:3 | Bought a scroll of identify for 30 gold pieces
 11127 | Vaults:3 | Bought a bread ration for 75 gold pieces
 11267 | Vaults:3 | Gained mutation: Your large and strong wings let you fly indefinitely. [mutagenic meat]
 11271 | Vaults:3 | Lost mutation: Your large and strong wings let you fly indefinitely. [mutagenic meat]
 11351 | Vaults:3 | 17%
 11363 | Vaults:3 | Got a heavily runed iron ring
 11364 | Vaults:3 | Found Mykues's Gadget Shop.
 11366 | Vaults:3 | Identified the ring of Liberalism {rElec rC+ Int+3} (You took it off a yaktaur on level 3 of the Vaults)
 11394 | Vaults:3 | Found Zuzurphe's Magic Scroll Shoppe.
 11398 | Vaults:3 | Bought a scroll of blinking for 150 gold pieces
 11398 | Vaults:3 | Bought a scroll of teleportation for 60 gold pieces
 11553 | Vaults:3 | Reached skill level 18 in Unarmed Combat
 11577 | Vaults:3 | Gained mutation: Your skin changes colour to match your surroundings (Stealth). [mutagenic meat]
 11578 | Vaults:3 | Gained mutation: You are occasionally teleported next to monsters. [mutagenic meat]
 11579 | Vaults:3 | Gained mutation: You tend to lose your temper in combat. [mutagenic meat]
 11580 | Vaults:3 | Lost mutation: You are occasionally teleported next to monsters. [potion of cure mutation]
 11580 | Vaults:3 | Lost mutation: Your skin changes colour to match your surroundings (Stealth). [potion of cure mutation]
 11580 | Vaults:3 | Lost mutation: You tend to lose your temper in combat. [potion of cure mutation]
 11580 | Vaults:3 | Lost mutation: Your spells are a little harder to cast, but a little more powerful. [potion of cure mutation]
 11731 | Vaults:2 | Noticed a Brimstone Fiend
 11731 | Vaults:2 | Reached skill level 1 in Shields
 11868 | Vaults:2 | Found Qenaleynn's Food Shop.
 11941 | Vaults:2 | Learned a level 3 spell: Regeneration
 12059 | Vaults:4 | Noticed Jory
 12073 | Vaults:4 | Killed Jory
 12073 | Vaults:4 | Reached skill level 1 in Charms
 12073 | Vaults:4 | Reached skill level 1 in Necromancy
 12093 | Vaults:4 | Noticed Mennas
 12101 | Vaults:4 | Reached XP level 18. HP: 94/157 MP: 6/28
 12179 | Vaults:4 | Noticed a lich
 12180 | Vaults:4 | Killed a lich
 12194 | Vaults:4 | Reached skill level 5 in Shields
 12200 | Vaults:4 | Noticed Frederick
 12208 | Vaults:4 | Noticed Boris
 12272 | Vaults:4 | Killed Frederick
 12284 | Vaults:4 | Reached skill level 19 in Unarmed Combat
 12335 | Vaults:4 | 17%
 12404 | Vaults:5 | Entered Level 5 of the Vaults
 12520 | Vaults:5 | Noticed a tentacled monstrosity
 12540 | Vaults:5 | Killed a tentacled monstrosity
 12540 | Vaults:5 | Reached XP level 19. HP: 166/166 MP: 29/29
 12596 | Vaults:5 | Reached skill level 10 in Shields
 12625 | Vaults:5 | 33/28/15
 12654 | Vaults:5 | Noticed a golden dragon
 12657 | Vaults:5 | Paralysed by a sphinx for 5 turns
 12810 | Vaults:5 | Identified the Compendium of Conjuration (You found it on level 5 of the Vaults)
 12856 | Vaults:5 | 33/27/15
 13142 | Vaults:5 | 32/28/16
 13164 | Vaults:5 | Found Rynkaats's Antique Weapon Shoppe.
 13268 | Vaults:5 | Killed a golden dragon
 13294 | Vaults:5 | Learned a level 5 spell: Silence
 13316 | Vaults:5 | Reached skill level 1 in Air Magic
 13320 | Vaults:5 | Got a silver rune of Zot
 13359 | Vaults:5 | Reached skill level 1 in Hexes
 13438 | Vaults:4 | Learned a level 4 spell: Control Undead
 13635 | Vaults:4 | Paralysed by a sphinx for 4 turns
 13733 | Vaults:3 | Reached XP level 20. HP: 174/174 MP: 25/30
 13930 | Vaults:2 | Reached skill level 5 in Air Magic
 13938 | Vaults:2 | Found a staircase to the Crypt.
 13945 | Crypt:1  | Entered Level 1 of the Crypt
 14152 | Crypt:3  | Entered Level 3 of the Crypt
 14209 | Crypt:3  | Gained mutation: You are weak. (Str -2) [mutagenic glow]
 14233 | Crypt:3  | Gained mutation: You expend magic power (3 MP) to strengthen your wands. [mutagenic glow]
 14352 | Crypt:3  | Reached skill level 5 in Hexes
 14441 | Crypt:3  | Noticed Mara
 14445 | Crypt:3  | Noticed Charly's illusion
 14467 | Crypt:3  | Noticed Charly's illusion
 14496 | Crypt:3  | Found a staircase to the Tomb.
 14501 | Tomb:1   | Entered Level 1 of the Tomb of the Ancients
 14533 | Tomb:1   | Lost mutation: You expend magic power (3 MP) to strengthen your wands. [potion of mutation]
 14533 | Tomb:1   | Lost mutation: You are weak. (Str -2) [potion of mutation]
 14533 | Tomb:1   | Gained mutation: Your flesh is heat resistant. [potion of mutation]
 14569 | Tomb:1   | Paralysed by a sphinx for 3 turns
 14632 | Tomb:1   | Noticed a greater mummy
 14643 | Tomb:1   | Killed a greater mummy
 14643 | Tomb:1   | Reached skill level 20 in Unarmed Combat
 14721 | Tomb:1   | Noticed a greater mummy
 14731 | Tomb:1   | Killed a greater mummy
 14766 | Tomb:2   | Noticed a greater mummy
 14768 | Tomb:2   | Noticed a greater mummy
 14769 | Tomb:2   | Noticed a greater mummy
 14770 | Tomb:2   | Noticed a greater mummy
 14810 | Tomb:1   | Killed a greater mummy
 14850 | Tomb:1   | Reached skill level 15 in Fighting
 14914 | Tomb:2   | Killed a greater mummy
 14914 | Tomb:2   | Reached XP level 21. HP: 184/184 MP: 7/31
 14919 | Tomb:2   | Killed a greater mummy
 14929 | Tomb:1   | Killed a greater mummy
 15134 | Tomb:1   | Noticed a greater mummy
 15142 | Tomb:1   | Killed a greater mummy
 15142 | Tomb:1   | Reached skill level 21 in Unarmed Combat
 15179 | Tomb:1   | Noticed a greater mummy
 15188 | Tomb:1   | Killed a greater mummy
 15201 | Tomb:1   | Noticed a greater mummy
 15210 | Tomb:1   | Killed a greater mummy
 15215 | Tomb:1   | Noticed a greater mummy
 15244 | Tomb:1   | Killed a greater mummy
 15247 | Tomb:1   | Noticed a greater mummy
 15257 | Tomb:1   | Killed a greater mummy
 15313 | Tomb:1   | Noticed a greater mummy
 15321 | Tomb:1   | Noticed a greater mummy
 15324 | Tomb:1   | Killed a greater mummy
 15340 | Tomb:1   | Noticed a greater mummy
 15349 | Tomb:1   | Killed a greater mummy
 15355 | Tomb:1   | Noticed a greater mummy
 15368 | Tomb:1   | Killed a greater mummy
 15373 | Tomb:1   | Noticed a greater mummy
 15429 | Tomb:1   | Noticed a greater mummy
 15430 | Tomb:1   | Noticed a greater mummy
 15438 | Tomb:1   | Killed a greater mummy
 15448 | Tomb:1   | Killed a greater mummy
 15463 | Tomb:1   | Noticed a greater mummy
 15473 | Tomb:1   | Killed a greater mummy
 15473 | Tomb:1   | Reached skill level 10 in Dodging
 15473 | Tomb:1   | Reached skill level 5 in Charms
 15557 | Tomb:2   | Learned a level 2 spell: Passwall
 15562 | Tomb:3   | Entered Level 3 of the Tomb of the Ancients
 15586 | Tomb:2   | Reached XP level 22. HP: 140/194 MP: 6/32
 15635 | Tomb:3   | Noticed an ancient lich
 15661 | Tomb:3   | Noticed a greater mummy
 15682 | Tomb:2   | Killed an ancient lich
 15705 | Tomb:2   | Killed a greater mummy
 15741 | Tomb:3   | Noticed a greater mummy
 15785 | Tomb:3   | Noticed a greater mummy
 15786 | Tomb:3   | Noticed a greater mummy
 15791 | Tomb:2   | Killed a greater mummy
 15819 | Tomb:2   | Killed a greater mummy
 15868 | Tomb:3   | Killed a greater mummy
 15885 | Tomb:3   | Noticed a greater mummy
 15900 | Tomb:2   | Killed a greater mummy
 15907 | Tomb:3   | Noticed a greater mummy
 15951 | Tomb:2   | Killed a greater mummy
 15977 | Tomb:3   | Noticed Khufu
 15978 | Tomb:3   | Noticed a greater mummy
 16007 | Tomb:3   | Killed a greater mummy
 16075 | Tomb:3   | Killed Khufu
 16120 | Tomb:3   | Got a crude garnet amulet
 16120 | Tomb:3   | Got a serpentine amethyst amulet
 16126 | Tomb:3   | Identified the amulet of Zoddot {Regen+ Int+4 Dex+2} (You found it on level 3 of the Tomb of the Ancients)
 16168 | Tomb:3   | Got a golden rune of Zot
 16178 | Tomb:3   | Learned a level 6 spell: Dispersal
 16284 | Tomb:1   | Killed a greater mummy
 16486 | Crypt:1  | Identified the amulet of the Six Beggars {Inacc MR+ Str+2 Int+2} (You found it on level 3 of the Tomb of the Ancients)
 16924 | Lair:8   | Reached XP level 23. HP: 201/201 MP: 36/36
 17229 | Lair:8   | Found a staircase to the Slime Pits.
 17229 | Lair:8   | Found a viscous altar of Jiyva.
 17238 | Slime:1  | Entered Level 1 of the Pits of Slime
 17272 | Slime:2  | Gained mutation: Your magical capacity is low (-10% MP). [a shining eye]
 17273 | Slime:2  | Gained mutation: You evolve. [a shining eye]
 17374 | Slime:4  | Gained mutation: Your flesh is very heat resistant. [a shining eye]
 17381 | Slime:4  | Reached skill level 10 in Translocations
 17401 | Slime:5  | Gained mutation: You occasionally shout uncontrollably at your foes. [a shining eye]
 17411 | Slime:6  | Entered Level 6 of the Pits of Slime
 17447 | Slime:6  | Gained mutation: You are dopey. (Int -2) [a shining eye]
 17571 | Slime:6  | Found a viscous altar of Jiyva.
 17582 | Slime:6  | Gained mutation: You sometimes yell uncontrollably at your foes. [a shining eye]
 17583 | Slime:6  | Gained mutation: Your magical capacity is very low (-20% MP). [a shining eye]
 17600 | Slime:6  | Gained mutation: You are weak. (Str -2) [a shining eye]
 17701 | Slime:6  | Noticed the Royal Jelly
 17711 | Slime:6  | Killed the Royal Jelly
 17711 | Slime:6  | Reached skill level 10 in Spellcasting
 17785 | Slime:6  | Identified the Grimoire of Entrancing Air (You found it on level 6 of the Pits of Slime)
 17785 | Slime:6  | Got a slimy rune of Zot
 17803 | Slime:6  | Identified the Catalogue of Calling (You found it on level 6 of the Pits of Slime)
 17926 | Lair:6   | Gained mutation: You possess an exceptional clarity of mind. [evolution]
 18110 | D:15     | Noticed Nessos
 18113 | D:15     | Killed Nessos
 18145 | Depths:1 | Entered Level 1 of the Depths
 18189 | Depths:3 | Noticed Xtahua
 18195 | Depths:3 | Noticed Aizul
 18197 | Depths:2 | Killed Xtahua
 18212 | Depths:3 | Killed Aizul
 18274 | Depths:3 | Reached XP level 24. HP: 209/209 MP: 26/30
 18345 | Depths:3 | Found a one-way gate leading to the halls of Pandemonium.
 18369 | Depths:3 | Learned a level 8 spell: Controlled Blink
 18370 | Pan      | Entered Pandemonium
 18418 | Pan      | Noticed Tung the pandemonium lord
 18432 | Pan      | Killed Tung the pandemonium lord
 18461 | Pan      | Entered the realm of Mnoleg.
 18490 | Pan      | Lost mutation: You sometimes yell uncontrollably at your foes. [a neqoxec]
 18509 | Pan      | Gained mutation: You are covered in fur (AC +1). [a neqoxec]
 18510 | Pan      | Gained mutation: You are very dopey. (Int -4) [a neqoxec]
 18515 | Pan      | Gained mutation: Scrolls take you a little longer to read. [a neqoxec]
 18529 | Pan      | Gained mutation: Your magical capacity is extremely low (-30% MP). [a neqoxec]
 18537 | Pan      | Gained mutation: You expend magic power (3 MP) to strengthen your wands. [a cacodemon]
 18592 | Pan      | Gained mutation: Your body sometimes deteriorates upon taking damage. [a neqoxec]
 18593 | Pan      | Gained mutation: You are frail (-10% HP). [a cacodemon]
 18606 | Pan      | Reached skill level 15 in Translocations
 18606 | Pan      | Gained mutation: Scrolls take you longer to read. [a neqoxec]
 18643 | Pan      | Lost mutation: You possess an exceptional clarity of mind. [potion of cure mutation]
 18643 | Pan      | Lost mutation: You expend magic power (3 MP) to strengthen your wands. [potion of cure mutation]
 18643 | Pan      | Lost mutation: Scrolls take you longer to read. [potion of cure mutation]
 18643 | Pan      | Lost mutation: You are frail (-10% HP). [potion of cure mutation]
 18643 | Pan      | Lost mutation: You evolve. [potion of cure mutation]
 18664 | Pan      | Noticed Mnoleg
 18675 | Pan      | Killed Mnoleg
 18680 | Pan      | Gained mutation: Your body often deteriorates upon taking damage. [a neqoxec]
 18690 | Pan      | Got a glowing rune of Zot
 18740 | Pan      | Gained mutation: You are frail (-10% HP). [a neqoxec]
 18747 | Pan      | Lost mutation: You are very dopey. (Int -4) [potion of cure mutation]
 18747 | Pan      | Lost mutation: You are covered in fur (AC +1). [potion of cure mutation]
 18747 | Pan      | Lost mutation: You occasionally shout uncontrollably at your foes. [potion of cure mutation]
 18747 | Pan      | Lost mutation: Scrolls take you a little longer to read. [potion of cure mutation]
 18805 | Pan      | Noticed Erauwk the pandemonium lord
 18843 | Pan      | Found an exit through the horrors of the Abyss.
 18956 | Pan      | Found an exit through the horrors of the Abyss.
 19096 | Pan      | Got a bloodstained cloak
 19102 | Pan      | Identified the +0 cloak "Itweonti" {+Inv rPois Int+6} (You found it in Pandemonium)
 19232 | Pan      | Noticed Memuo the pandemonium lord
 19246 | Pan      | Entered the realm of Gloorx Vloq.
 19364 | Pan      | Noticed Gloorx Vloq
 19374 | Pan      | Killed Gloorx Vloq
 19374 | Pan      | Reached XP level 25. HP: 187/193 MP: 24/28
 19386 | Pan      | Got a dark rune of Zot
 19548 | Pan      | Found an exit through the horrors of the Abyss.
 19562 | Pan      | Found an exit through the horrors of the Abyss.
 19603 | Pan      | Noticed Zuigamet the pandemonium lord
 19609 | Pan      | Killed Zuigamet the pandemonium lord
 19687 | Pan      | Noticed Oceadabo the pandemonium lord
 19698 | Pan      | Killed Oceadabo the pandemonium lord
 19701 | Pan      | Got a pair of polished gloves
 19702 | Pan      | Identified the +1 pair of gloves of Faihy {rPois Stlth+} (You found it in Pandemonium)
 19790 | Pan      | Gained mutation: Your flesh is almost immune to the effects of heat. [potion of beneficial mutation]
 19872 | Pan      | 6%
 19888 | Pan      | Noticed Terhoib the pandemonium lord
 19908 | Pan      | Killed Terhoib the pandemonium lord
 19970 | Pan      | Entered the realm of Cerebov.
 20202 | Pan      | Noticed Cerebov
 20226 | Pan      | Killed Cerebov
 20256 | Pan      | Got a fiery rune of Zot
 20319 | Pan      | Reached skill level 1 in Stealth
 20525 | Pan      | Lost mutation: Your magical capacity is extremely low (-30% MP). [potion of cure mutation]
 20525 | Pan      | Lost mutation: You are frail (-10% HP). [potion of cure mutation]
 20525 | Pan      | Lost mutation: You are dopey. (Int -2) [potion of cure mutation]
 20525 | Pan      | Lost mutation: Your flesh is almost immune to the effects of heat. [potion of cure mutation]
 20557 | Pan      | Reached skill level 10 in Evocations
 20569 | Pan      | Found a glowing silver altar of Zin.
 20704 | Pan      | Reached XP level 26. HP: 187/223 MP: 33/33
 20789 | Pan      | Found a glowing golden altar of the Shining One.
 20790 | Pan      | Noticed a seraph
 20799 | Pan      | Got a demonic rune of Zot
 20819 | Pan      | Reached skill level 5 in Stealth
 20880 | Pan      | 11%
 20918 | Pan      | Gained mutation: You are very weak. (Str -4) [a cacodemon]
 21111 | Pan      | Gained mutation: You are frail (-10% HP). [a cacodemon]
 21138 | Pan      | Lost mutation: You are very weak. (Str -4) [potion of cure mutation]
 21138 | Pan      | Lost mutation: Your magical capacity is very low (-20% MP). [potion of cure mutation]
 21138 | Pan      | Lost mutation: You are frail (-10% HP). [potion of cure mutation]
 21149 | Pan      | Noticed Ignacio
 21161 | Pan      | Found an exit through the horrors of the Abyss.
 21202 | Pan      | Gained mutation: Scrolls take you a little longer to read. [a cacodemon]
 21446 | Pan      | Found an exit through the horrors of the Abyss.
 21446 | Pan      | Noticed Ignacio
 21583 | Pan      | Entered the realm of Lom Lobon.
 21583 | Pan      | Noticed Lom Lobon
 21586 | Pan      | Got a magical rune of Zot
 21653 | Pan      | Found an exit through the horrors of the Abyss.
 21656 | Pan      | Took an exit into the Abyss.
 21656 | Abyss:1  | Escaped into the Abyss
 21727 | Abyss:3  | Found a corrupted altar of Lugonu.
 21838 | Abyss:3  | Found a radiant altar of Vehumet.
 21960 | Abyss:5  | Entered Level 5 of the Abyss
 22101 | Abyss:5  | Reached skill level 22 in Unarmed Combat
 22133 | Abyss:5  | Found a corrupted altar of Lugonu.
 22395 | Abyss:5  | Got an abyssal rune of Zot
 22399 | Depths:3 | Escaped the Abyss
 22420 | Depths:3 | Found Xateasch's General Store.
 22462 | Depths:3 | Bought a phantom mirror for 420 gold pieces
 22462 | Depths:3 | Bought 3 scrolls of teleportation for 126 gold pieces
 22528 | Depths:3 | Found a gateway to Hell.
 22534 | Hell     | Entered the Vestibule of Hell
 22534 | Hell     | Noticed Geryon
 22563 | Hell     | Found a gateway to the decaying netherworld of Tartarus.
 22575 | Tar:1    | Entered Level 1 of Tartarus
 22575 | Tar:1    | Found a gateway to Hell.
 22594 | Tar:1    | Reached XP level 27. HP: 227/234 MP: 32/37
 22624 | Tar:2    | Found a gateway to Hell.
 22677 | Tar:2    | Found a gateway to Hell.
 22718 | Tar:3    | Found a gateway to Hell.
 22725 | Tar:3    | Found a gateway to Hell.
 22733 | Tar:4    | Found a gateway to Hell.
 22746 | Tar:6    | Found a gateway to Hell.
 22749 | Tar:7    | Entered Level 7 of Tartarus
 22757 | Tar:7    | Reached skill level 15 in Shields
 22765 | Tar:7    | Found a gateway to Hell.
 22778 | Tar:7    | Noticed Ereshkigal
 22801 | Tar:7    | Got a bone rune of Zot
 22902 | Hell     | Killed Geryon
 22945 | Hell     | Found a gateway to the ashen valley of Gehenna.
 22948 | Geh:1    | Entered Level 1 of Gehenna
 22948 | Geh:1    | Found a gateway to Hell.
 23027 | Geh:2    | Found a gateway to Hell.
 23027 | Geh:2    | Found a gateway to Hell.
 23027 | Geh:2    | Found a gateway to Hell.
 23057 | Geh:4    | Found a gateway to Hell.
 23058 | Geh:4    | Found a gateway to Hell.
 23074 | Geh:5    | Found a gateway to Hell.
 23224 | Geh:6    | Reached skill level 10 in Stealth
 23230 | Geh:7    | Entered Level 7 of Gehenna
 23230 | Geh:7    | Found a gateway to Hell.
 23230 | Geh:7    | Found a gateway to Hell.
 23230 | Geh:7    | Found a gateway to Hell.
 23513 | Geh:7    | Noticed Asmodeus
 23513 | Geh:7    | Got an obsidian rune of Zot
 23528 | Geh:7    | Reached skill level 23 in Unarmed Combat
 23653 | Hell     | Found a gateway to the Iron City of Dis.
 23658 | Dis:1    | Entered Level 1 of the Iron City of Dis
 23658 | Dis:1    | Found a gateway to Hell.
 23694 | Dis:2    | Found a gateway to Hell.
 23709 | Dis:3    | Found a gateway to Hell.
 23729 | Dis:4    | Found a gateway to Hell.
 23757 | Dis:4    | Found a gateway to Hell.
 24024 | Dis:5    | Found a gateway to Hell.
 24066 | Dis:6    | Found a gateway to Hell.
 24165 | Dis:7    | Entered Level 7 of the Iron City of Dis
 24165 | Dis:7    | Found a gateway to Hell.
 24278 | Dis:7    | Noticed Dispater
 24287 | Dis:7    | Gained mutation: You are occasionally teleported next to monsters. [a cacodemon]
 24290 | Dis:7    | Gained mutation: You occasionally shout uncontrollably at your foes. [a cacodemon]
 24294 | Dis:7    | Got an iron rune of Zot
 24294 | Dis:7    | Lost mutation: Scrolls take you a little longer to read. [a cacodemon]
 24300 | Dis:7    | Noticed Joat's ghost (legendary DrTm)
 24300 | Dis:7    | Found a gateway to Hell.
 24370 | Hell     | Found a gateway to the freezing wastes of Cocytus.
 24382 | Coc:1    | Entered Level 1 of Cocytus
 24382 | Coc:1    | Found a gateway to Hell.
 24436 | Coc:2    | Found a gateway to Hell.
 24506 | Coc:2    | Found a gateway to Hell.
 24513 | Coc:3    | Found a gateway to Hell.
 24515 | Coc:3    | Found a gateway to Hell.
 24520 | Coc:4    | Found a gateway to Hell.
 24527 | Coc:5    | Found a gateway to Hell.
 24561 | Coc:5    | Found a gateway to Hell.
 24583 | Coc:6    | Found a gateway to Hell.
 24590 | Coc:6    | Found a gateway to Hell.
 24591 | Coc:6    | Found a gateway to Hell.
 24593 | Coc:7    | Entered Level 7 of Cocytus
 24593 | Coc:7    | Found a gateway to Hell.
 24593 | Coc:7    | Found a gateway to Hell.
 24593 | Coc:7    | Found a gateway to Hell.
 24630 | Coc:7    | Noticed Antaeus
 24634 | Coc:7    | Got an icy rune of Zot
 24771 | Depths:5 | Entered Level 5 of the Depths
 24923 | Depths:5 | Found a gate to the Realm of Zot.
 24958 | Zot:1    | Entered Level 1 of the Realm of Zot
 24968 | Zot:1    | Learned a level 8 spell: Disjunction
 25022 | Zot:2    | Reached skill level 24 in Unarmed Combat
 25184 | Zot:5    | Entered Level 5 of the Realm of Zot
 25328 | Zot:5    | Noticed an ancient lich
 25335 | Zot:5    | Noticed an ancient lich
 25335 | Zot:5    | Killed an ancient lich
 25337 | Zot:5    | Noticed an orb of fire
 25337 | Zot:5    | Noticed an orb of fire
 25339 | Zot:5    | Noticed an ancient lich
 25341 | Zot:5    | Killed an ancient lich
 25348 | Zot:5    | Killed an orb of fire
 25349 | Zot:5    | Killed an orb of fire
 25351 | Zot:5    | Noticed an orb of fire
 25351 | Zot:5    | Killed an ancient lich
 25356 | Zot:5    | Killed an orb of fire
 25356 | Zot:5    | Reached skill level 15 in Stealth
 25364 | Zot:5    | Noticed an ancient lich
 25372 | Zot:5    | Killed an ancient lich
 25444 | Zot:5    | Got the Orb of Zot
 25464 | Zot:5    | Gained mutation: You are clumsy. (Dex -2) [a neqoxec]
 25519 | Zot:5    | Noticed an ancient lich
 25522 | Zot:5    | Killed an ancient lich
 25535 | Zot:5    | Reached skill level 25 in Unarmed Combat
 25542 | Zot:5    | Noticed Niunaih the pandemonium lord
 25548 | Zot:5    | Killed Niunaih the pandemonium lord
 25855 | D:15     | Noticed Iwaddat the pandemonium lord
 25887 | D:14     | Killed Azrael
 25910 | D:13     | Noticed Imoxaef the pandemonium lord
 26117 | D:$      | Escaped with the Orb!

Skill      XL: |  1  2  3  4  5  6  7  8  9 10 11 12 13 14 15 16 17 18 19 20 21 22 23 24 25 26 27 |
---------------+----------------------------------------------------------------------------------+-----
Unarmed Combat | 4 5 6 8 10 13 14 15 17 18 19 20 21 22 25 | 25.2
Poison Magic   | 1 |  1.3
Fighting       | 2 3 4 5 6 7 9 11 12 13 14 15 16 21 | 21.9
Dodging        | 4 5 6 8 9 10 12 | 12.2
Transmutations | 4 7 9 12 13 | 13.0
Ice Magic      | 2 |  2.9
Spellcasting   | 3 4 7 9 10 13 14 | 14.3
Invocations    | 5 8 10 11 | 11.9
Earth Magic    | 6 8 |  8.6
Translocations | 5 7 14 17 19 | 19.5
Evocations     | 6 9 10 11 | 11.0
Shields        | 4 9 13 14 15 | 15.4
Charms         | 2 5 9 |  9.3
Necromancy     | 2 4 |  4.6
Air Magic      | 4 9 |  9.1
Hexes          | 2 5 |  5.7
Stealth        | 4 9 16 | 16.3

Action                   |  1- 3 |  4- 6 |  7- 9 | 10-12 | 13-15 | 16-18 | 19-21 | 22-24 | 25-27 || total
-------------------------+-------+-------+-------+-------+-------+-------+-------+-------+-------++-------
Melee: Unarmed           |   105 |   133 |   240 |   459 |   560 |   775 |   880 |  1034 |  1859 ||  6045
       Tailslap          |     5 |     3 |     5 |    25 |    90 |   172 |   201 |   260 |   470 ||  1231
       Headbutt          |     3 |       |       |       |       |       |       |       |       ||     3
       Punch             |     1 |       |     2 |    13 |    50 |    79 |       |       |       ||   145
 Fire: Blowgun           |       |     6 |     4 |       |    23 |       |       |       |       ||    33
Throw: Throwing net      |       |       |       |       |     2 |       |       |     1 |     2 ||     5
       Javelin           |       |       |       |       |     6 |       |       |       |       ||     6
 Cast: Beastly Appendage |     3 |       |       |       |       |       |       |       |       ||     3
       Sticks to Snakes  |    10 |     4 |     9 |    11 |       |       |     5 |    19 |     2 ||    60
       Spider Form       |     4 |    13 |    24 |    20 |       |       |       |       |       ||    61
       Ice Form          |       |       |       |    12 |    17 |       |       |       |       ||    29
       Blade Hands       |       |       |       |    22 |     7 |     2 |       |       |       ||    31
       Statue Form       |       |       |       |       |    28 |    54 |    47 |    54 |   109 ||   292
       Apportation       |       |       |       |       |    39 |    63 |    36 |    51 |    42 ||   231
       Regeneration      |       |       |       |       |       |    17 |    49 |    25 |    51 ||   142
       Control Undead    |       |       |       |       |       |       |    12 |     4 |    52 ||    68
       Silence           |       |       |       |       |       |       |    17 |    13 |       ||    30
       Passwall          |       |       |       |       |       |       |       |    27 |    26 ||    53
       Deflect Missiles  |       |       |       |       |       |       |       |     1 |     8 ||     9
       Dispersal         |       |       |       |       |       |       |       |    19 |    48 ||    67
       Controlled Blink  |       |       |       |       |       |       |       |     1 |    64 ||    65
       Disjunction       |       |       |       |       |       |       |       |       |     1 ||     1
Invok: Slouch            |       |       |       |     4 |    25 |    14 |     3 |    19 |    43 ||   108
       Temporal Distorti |       |       |       |       |     2 |     4 |    10 |    17 |    17 ||    50
       Step From Time    |       |       |       |       |     1 |     7 |     2 |       |     4 ||    14
 Abil: End Transformatio |       |     1 |       |     5 |     5 |     5 |       |       |     1 ||    17
       Breathe Sticky Fl |       |       |    24 |     4 |       |       |       |       |       ||    28
       Evoke Fog         |       |       |       |       |       |     3 |    16 |    11 |    17 ||    47
Evoke: Wand              |       |       |       |    11 |    18 |    34 |     3 |     7 |    62 ||   135
       Lamp of fire      |       |       |       |       |     1 |     2 |     2 |       |       ||     5
       Phial of floods   |       |       |       |       |       |     2 |     2 |       |     2 ||     6
       Sack of spiders   |       |       |       |       |       |     2 |     7 |       |     2 ||    11
       Phantom mirror    |       |       |       |       |       |       |       |       |     1 ||     1
  Use: Scroll            |     4 |     5 |    13 |     5 |    13 |    20 |    12 |    22 |    19 ||   113
       Potion            |       |       |     3 |    11 |    16 |    13 |     4 |     8 |    22 ||    77
 Stab: Distracted        |     1 |       |     2 |     3 |     1 |     8 |    10 |     4 |     8 ||    37
       Sleeping          |       |       |     2 |     2 |     1 |     3 |     1 |     1 |    12 ||    22
       Invisible         |       |       |       |       |     7 |       |       |     4 |    27 ||    38
       Held in net/web   |       |       |       |       |     3 |       |       |       |     1 ||     4
       Paralysed         |       |       |       |       |     1 |       |       |       |       ||     1
       Confused          |       |       |       |       |       |     1 |       |       |     6 ||     7
  Eat: Beef jerky        |     1 |     1 |     7 |       |       |       |       |     1 |       ||    10
       Chunk             |       |     3 |     4 |     8 |    16 |    22 |     2 |     3 |     2 ||    60
       Pizza             |       |       |     2 |     1 |     3 |     1 |       |     3 |       ||    10
       Bread ration      |       |       |     1 |       |       |       |       |     6 |    12 ||    19
       Fruit             |       |       |       |     4 |     2 |     7 |       |     2 |     8 ||    23
       Meat ration       |       |       |       |       |     2 |     2 |     8 |     1 |       ||    13
Armor: Skin              |    11 |    17 |    90 |    32 |   339 |   421 |   408 |   463 |   900 ||  2681
Dodge: Dodged            |    70 |   143 |   209 |   439 |  1144 |  1450 |  1039 |  2527 |  4512 || 11533
       Deflected         |       |       |       |       |       |       |       |    34 |   110 ||   144
Block: Shield            |       |       |       |       |       |    43 |  1042 |  2190 |  5027 ||  8302
